 Dungeon Crawl Stone Soup version 0.31-a0-152-g6aa68a64a1 (webtiles) character file.

Game seed: 5460160216736952773

27 qw the Shooter (level 3, 0/21 HPs)
             Began as a Gargoyle Hunter on June 10, 2023.
             Killed from afar by Sigmund (7 damage)
             ... with a magic dart
             ... on level 2 of the Dungeon.
             The game lasted 00:00:17 (1202 turns).

qw the Shooter (Gargoyle Hunter)                    Turns: 1202, Time: 00:00:18

Health: 0/21       AC:  8    Str: 14    XL:     3   Next: 10%
Magic:  3/3        EV: 10    Int:  9    God:
Gold:   107        SH:  0    Dex: 15    Spells: 2/2 levels left

rFire   . . .        Y - +0 shortbow
rCold   . . .        (shield currently unavailable)
rNeg    + . .        e - +0 ring mail
rPois   inf          (no helmet)
rElec   +            (no cloak)
rCorr   .            (no gloves)
SInv    .            (no boots)
Will    .....        (no amulet)
Stlth   +            (no ring)
HPRegen 0.23/turn    (no ring)
MPRegen 0.08/turn

%: no passive effects
@: no status effects
A: sickness immunity, AC +3, negative energy resistance 1, electricity
resistance, torment resistance 1, petrification resistance
a: no special abilities


You were on level 2 of the Dungeon.
You visited 1 branch of the dungeon, and saw 2 of its levels.

You collected 107 gold pieces.


Innate Abilities, Weirdness & Mutations

You are immune to sickness and miasma.
Your stone body is resilient. (AC +3)
You are immune to poison.
You resist negative energy. (rN+)
You are resistant to electric shocks. (rElec)
You are resistant to unholy torment.
You are immune to petrification.


   Skills:
 - Level 2.1 Fighting
 + Level 4.8 Ranged Weapons
 - Level 1.0 Armour
 - Level 1.5 Dodging
 - Level 1.1 Stealth


You had 2 spell levels left.
You didn't know any spells.
Your spell library was empty.

Inventory:

Hand Weapons
 Y - a +0 shortbow (weapon)
Armour
 e - a +0 ring mail (worn)
Potions
 d - a potion of degeneration {unknown}

Dungeon Overview and Level Annotations

Branches:
Dungeon (2/15)

Altars:

Annotations:
D:2 Sigmund


Message History

You shoot an arrow. The arrow barely misses the quokka.
The quokka bites you. The quokka misses you.
You shoot an arrow. The arrow hits the quokka!
You kill the quokka!
You start resting.
HP restored.
You open the door.
A bat comes into view.
The bat moves out of view.
Enter note:
Enter note:
There is an open door here.
Enter note:
Enter note: You shoot an arrow.
The arrow misses the bat.
The bat closely misses you.
You shoot an arrow. The arrow closely misses the bat.
The bat barely misses you. The bat hits you but does no damage. x2
You shoot an arrow. The arrow hits the bat.
You kill the bat!
Your Armour skill increases to level 1!
Sigmund the Dreaded comes into view.
He is wielding a +0 scythe.
Sigmund shouts!
Enter note:
Enter note: You shoot an arrow.
The arrow hits Sigmund but does no damage.
Sigmund gestures at you while chanting. The puff of flame hits you!
You shoot an arrow. The arrow closely misses Sigmund.
You shoot an arrow. The arrow closely misses Sigmund.
You shoot an arrow.
The arrow hits Sigmund but does no damage.
Sigmund gestures at you while chanting. The puff of flame hits you!
You shoot an arrow. The arrow closely misses Sigmund.
Sigmund screams, "You will never...
NEVER!!!"
Sigmund gestures at you while chanting. The magic dart hits you!
You die...

##.# ##.## ##%## #...
#...## #..## .....##
###...# # ......##
##.#.#.#.#
.......####....#.#.#####
.......'................
.......####...##.######.
......## ##.###@#
.....## .........#
#...## .######.)# ##+##
# #@.# #.# #..# #.# ...#
##.## ##.# #...## .#
.....#


You could see Sigmund.

Vanquished Creatures
  2 dart slugs (D:1)
  4 endoplasms
  2 giant cockroaches
  3 hobgoblins
  A quokka (D:2)
  2 ball pythons (D:1)
  4 bats
  A kobold (D:1)
  3 rats (D:1)
22 creatures vanquished.

Notes
Turn   | Place    | Note
-------+----------+-------------------------------------------
     0 | D:1      | qw the Gargoyle Hunter began the quest for the Orb.
     0 | D:1      | Reached XP level 1. HP: 12/12 MP: 1/1
     0 | D:1      | 0 ||| qw: Version: 0.2-a-29-gd901d54
     0 | D:1      | 0 ||| qw: Game counter: 3957
     0 | D:1      | 0 ||| qw: Always use a shield: true
     0 | D:1      | 0 ||| qw: God list: Okawaru
     0 | D:1      | 0 ||| qw: Allow faded altars: false
     0 | D:1      | 0 ||| qw: Do Orc after D:15 true
     0 | D:1      | 0 ||| qw: Do second Lair branch before Depths: true
     0 | D:1      | 0 ||| qw: Lair rune preference: random
     0 | D:1      | 0 ||| qw: Plans: Normal, Zot:1-4, Slime:5, God:TSO, Crypt,
                  | Tomb, Abyss, Pan, Hells, Win
     0 | D:1      | 0 ||| PLANNING D:1-11
   274 | D:1      | Reached XP level 2. HP: 17/17 MP: 2/2
   829 | D:1      | 829 ||| FLEEEEING.
   871 | D:1      | 871 ||| UPGRADING to +0 ring mail.
   881 | D:1      | 881 ||| DROPPING +0 leather armour.
   882 | D:1      | 882 ||| READING 2 scrolls labelled GOOWKO QAUMOISUE.
   883 | D:1      | 883 ||| DROPPING scroll of amnesia.
   884 | D:1      | 884 ||| DROPPING scroll of butterflies.
   975 | D:2      | Reached XP level 3. HP: 21/21 MP: 3/3
  1186 | D:2      | Reached skill level 1 in Armour
  1192 | D:2      | Found the +5 scythe "Finisher" {speed, execute}
  1197 | D:2      | Noticed Sigmund
  1202 | D:2      | Killed from afar by Sigmund

Levels and vault maps discovered:
D:1:      scummos_arrival_hexagon, layout_basic, minivault_26,
          minmay_misc_feat_five, hangedman_abyss_or_decor_lesser_grid
D:2:      layout_loops_corners, ebering_dispersal_statue_hall, chequers_garden,
          uniq_sigmund

Skill      XL: |  1  2  3 |
---------------+----------+-----
Armour         | 1 |  1.0
Fighting       | |  2.1
Ranged Weapons | |  4.8
Dodging        | |  1.5
Stealth        | |  1.1

Action                     || total
---------------------------++-------
   Fire: Shortbow          ||    69
    Use: Scroll            ||     1
 Armour: Leather armour    ||     3
         Ring mail         ||     2
  Dodge: Dodged            ||    17

Table legend:
 A = Non-vault XP
 B = Vault XP
 C = Vault XP percentage of total XP
 D = Non-vault monster count
 E = Vault monster count
 F = Vault count percentage of total count
                 A         B        C        D         E       F
            +---------+---------+-------+---------+---------+-------
      Total |      39 |       0 |   0.0 |      22 |       0 |   0.0
            +---------+---------+-------+---------+---------+-------
        D:1 |      30 |       0 |   0.0 |      17 |       0 |   0.0
        D:2 |       9 |       0 |   0.0 |       5 |       0 |   0.0
            +---------+---------+-------+---------+---------+-------
